 Dungeon Crawl Stone Soup version 0.31-a0-7-g51783674b7 (webtiles) character file.

Game seed: 1664333803974998485

18795 ytrimaz the Spry (level 12, -5/124 HPs)
             Began as a Djinni Fire Elementalist on May 4, 2023.
             Was a Priest of Ashenzari.
             Slain by an ironbound preserver
             ... wielding a +0 dire flail
              (8 damage)
             ... on level 12 of the Dungeon on May 5, 2023.
             The game lasted 00:25:37 (12520 turns).

ytrimaz the Spry (Djinni Fire Elementalist)        Turns: 12520, Time: 00:25:38

Health: -5/124     AC: 26    Str:  7    XL:     12   Next: 99%
Gold:   88         EV:  2    Int: 22    God:    Ashenzari [***...] SH:  0 Dex: 20

rFire   + + .        l - +2 dagger "Ruined Together" {venom, Range, Self} (curse)
rCold   + + .        (no shield)
rNeg    . . .        q - melded +0 troll leather armour {Pargi} rPois āˆž
                     y - melded +0 helmet
rElec   +            B - melded +2 cloak "Sorrow of Ashenzari" {Cun, Evo} (curse)
rCorr   .            J - melded +0 pair of gloves
SInv    +            (boots unavailable)
Will    +....        (no amulet)
Stlth   ++           t - ring "Shattered Together" {rF+ rC+ Dex+6, Self, Cun} (curse)
HPRegen 0.40/turn    M - ring of the Wild Blue Yonder {rElec rF+ rC+, Self, Melee} (curse)
MPRegen 0.00/turn

%: clarity, infuse magic (-6 HP)
@: mighty, tree-form, liquefying, slowed movement, invisible, very slow
A: stationary, stasis, torment immunity, boosted hp, sickness immunity, (fire
resistance 2), (cold vulnerability 1), float, innate caster, HP casting, extra
vitality 1, no potion heal 1
a: Renounce Religion, Curse Item, Shatter the Chains


You were on level 12 of the Dungeon.
You worshipped Ashenzari.
Ashenzari was most pleased with you.
You were a tree.
You visited 2 branches of the dungeon, and saw 14 of its levels.
You also visited: Sewer, Bailey and Gauntlet.

You collected 732 gold pieces.
You spent 644 gold pieces at shops.


Innate Abilities, Weirdness & Mutations

You are a tree.
Your roots penetrate the ground, keeping you stationary.
You cannot be teleported.
You are immune to unholy pain and torment.
Your maximum health is greatly increased.
Your equipment is partially melded.
You are immune to sickness and miasma.
You are immune to poison.
((Your flesh is very heat resistant. (rF++)))
((You are vulnerable to cold. (rC-)))
You float through the air rather than walking.
You learn spells naturally, not from books.
Your magical power is your life essence.
You have superior vitality. (+4 MHP)
Potions are less effective at restoring your health.


   Skills:
 + Level 3.4(6.0) Fighting
 + Level 15.7(17.1) Dodging
 - Level 1.5(2.6) Stealth
 - Level 11.2(14.1) Spellcasting


You knew the following spells:

 Your Spells              Type           Power      Damage    Failure   Level
a - Foxfire               Conj/Fire      100%       2x1d9     0%          1
b - Scorch                Fire           100%       2d9       1%          2
c - Vhi's Electric Charg  Tloc/Air       100%       N/A       1%          3
d - Inner Flame           Hex/Fire       67%        N/A       1%          3
e - Flame Wave            Conj/Fire      67%        2d15      1%          4
f - Leda's Liquefaction   Hex/Erth       33%        N/A       1%          4
g - Passwall              Tmut/Erth      55%        N/A       1%          2
h - Confusing Touch       Hex            67%        N/A       1%          3
i - Volatile Blastmotes   Fire/Tloc      100%       2d18      1%          3
j - Magic Dart            Conj           100%       1d8       0%          1
Your spell library was empty.

Inventory:

Hand Weapons
 l - the cursed +2 dagger "Ruined Together" (weapon) {venom, Range, Self}
   (You found it on level 3 of the Dungeon)

   It has a curse which improves the following skills: Ranged Combat: Ranged
   Weapons and Throwing.
   Introspection: Fighting and Spellcasting.
Missiles
 e - a throwing net
Armour
 a - a +1 robe
 q - a +0 troll leather armour (melded) {Pargi}
   (You found it in a sewer)
 y - a +0 helmet (melded)
   (You found it on level 4 of the Dungeon)
 B - the cursed +2 cloak "Sorrow of Ashenzari" (melded) {Cun, Evo}
   (You found it on level 6 of the Dungeon)

   It has a curse which improves the following skills: Cunning: Dodging and
   Stealth.
   Evocations: Evocations.
 I - the +0 hat of Digir {rElec rPois rF- rN+}
   (You found it in a Gauntlet)

   rF:        It makes you vulnerable to fire.
   rElec:     It insulates you from electricity.
   rPois:     It protects you from poison.
   rN:        It protects you from negative energy.
 J - a +0 pair of gloves (melded)
   (You found it on level 11 of the Dungeon)
 L - a +1 cloak of stealth
   (You found it in a Gauntlet)
Jewellery
 t - the cursed ring "Shattered Together" (left branch) {rF+ rC+ Dex+6, Self, Cun}
   (You found it on level 5 of the Dungeon)

   [ring of dexterity]

   Dex:       It affects your dexterity (+6).
   rF:        It protects you from fire.
   rC:        It protects you from cold.
   It has a curse which improves the following skills: Introspection: Fighting
   and Spellcasting.
   Cunning:   Dodging and Stealth.
 w - a +4 ring of protection
   (You found it on level 5 of the Dungeon)
 x - a ring of willpower
   (You found it on level 9 of the Dungeon)
 z - a ring of protection from fire
   (You found it on level 5 of the Dungeon)
 C - a ring of fire
   (You found it on level 6 of the Dungeon)
 E - a +6 ring of strength
   (You found it on level 7 of the Dungeon)
 M - the cursed ring of the Wild Blue Yonder (right branch) {rElec rF+ rC+, Self, Melee}
   (You bought it in a shop on level 11 of the Dungeon)

   [ring of protection from cold]

   rF:        It protects you from fire.
   rC:        It protects you from cold.
   rElec:     It insulates you from electricity.
   It has a curse which improves the following skills: Introspection: Fighting
   and Spellcasting.
   Melee Combat: Short Blades, Long Blades, Axes, Maces & Flails, Polearms,
   Staves and Unarmed Combat.
 N - a ring of wizardry
   (You found it in a Gauntlet)
Wands
 d - a wand of roots (14)
   (You found it on level 4 of the Dungeon)
 u - a wand of polymorph (15)
   (You found it on level 5 of the Dungeon)
 O - a wand of quicksilver (7)
   (You found it in a Gauntlet)
Scrolls
 f - 4 scrolls of magic mapping
 g - 3 scrolls of vulnerability
 i - 3 scrolls of noise
 n - a scroll of enchant armour
 A - 2 scrolls of fog
 G - a scroll of silence
Potions
 b - a potion of resistance
 c - 9 potions of curing
 h - a potion of invisibility
 j - 3 potions of cancellation
 k - 5 potions of magic
 m - a potion of might
 o - a potion of attraction
 r - 3 potions of lignification
 s - 4 potions of mutation
 v - a potion of ambrosia
 D - a potion of haste
 F - 8 potions of flight
 H - 3 potions of brilliance

Dungeon Overview and Level Annotations

Branches:
Dungeon (13/15) Zot: 26673  Temple (1/1) D:7 Zot: 5858    Lair (0/5) D:8
    Orc (0/2) D:10          Sewer (visited)          Bailey (visited)
Gauntlet (visited)
 Vaults: D:13-14

Altars:
Ashenzari
Cheibriados
Dithmenos
Elyvilon
Fedhas
Gozag
Hepliaklqana
Makhleb
Nemelex Xobeh
Okawaru
Qazlal
Ru
Trog
Uskayaw
Wu Jian
Xom
Yredelemnul
Zin
The Shining One

Shops:
D:8 *   D:9 ( D:11

=*( #########
#.......# ..#####.#
..#####.#####
............########
..#####.###....Jā™£pJ#
..#####.# #..#####J#
(.......# #..#####.#
######### #.....##.#
..# ##.......# #.#
#.##.##.# #.#
########.......# #.#
#......#.##..#.# #.#
#......#[###.#.#


You could see an ironbound preserver (inner flame, unable to see you, extremely
poisoned, struggling), a large slime creature (sheltered, unable to see you,
struggling) and 2 slime creatures.


Message History

Really fire at your butterfly? [Y]es or [N]o only, please.
Really fire at your butterfly?
Okay, then.
Unknown command.
Casting: Flame Wave (safe; 1% risk of failure)
Confirm with . or Enter, or press ? or * to list all spells.
Okay, then.
Casting: Flame Wave (safe; 1% risk of failure)
Confirm with . or Enter, or press ? or * to list all spells.
The ground around you becomes liquefied!
* * * LOW HITPOINT WARNING * * *
The ironbound preserver hits you with a +0 dire flail.
* * * LOW HITPOINT WARNING * * *
The slime creature misses your butterfly.
Unknown command. šŸ˜± HP[-8]
You take 8 damage, and now have 5/124 hp.
Your system partially rejects the healing.
You feel much better.
The ironbound preserver gestures wildly while chanting.
The ironbound preserver begins to accept its allies' injuries.
The slime creature closely misses your butterfly. šŸ˜± HP[+11]
You regained 11 hp, and now have 16/124 hp.
You are confused.
Your system partially rejects the healing.
You feel invigorated.
The ironbound preserver hits you with a +0 dire flail!
* * * LOW HITPOINT WARNING * * *
The slime creature hits your butterfly!
Your butterfly dies!
Your butterfly disappears in a burst of colours! šŸ˜± HP[-12]
You take 12 damage, and now have 4/124 hp.
Unknown command.
You fade into invisibility!
The ironbound preserver becomes momentarily stuck in the liquid earth.
The slime creature hits your butterfly.
Your butterfly dies!
Your butterfly disappears in a burst of colours! šŸ˜± HP[+2]
You regained 2 hp, and now have 6/124 hp.
Unknown command.
You feel very mighty all of a sudden.
The ironbound preserver hits you but does no damage. šŸ˜± HP[+3]
You regained 3 hp, and now have 9/124 hp.
Unknown command.
You cannot move. (Use ctrl+direction or * direction to attack while stationary and confused.) Unknown command.
You closely miss the ironbound preserver.
The ironbound preserver becomes momentarily stuck in the liquid earth. šŸ˜± HP[+3]
You regained 3 hp, and now have 12/124 hp.
You attack the rock wall.
The ironbound preserver becomes momentarily stuck in the liquid earth. šŸ˜± HP[+2]
You regained 2 hp, and now have 14/124 hp.
You nearly hit yourself!
The ironbound preserver becomes momentarily stuck in the liquid earth.
The slime creature becomes momentarily stuck in the liquid earth. šŸ˜± HP[+3]
You regained 3 hp, and now have 17/124 hp.
You attack the rock wall.
The ironbound preserver hits you with a +0 dire flail!
* * * LOW HITPOINT WARNING * * *
The slime creature hits you but does no damage. šŸ˜± HP[-13]
You take 13 damage, and now have 4/124 hp.
You attack the rock wall.
The ironbound preserver hits you but does no damage.
The slime creature hits you but does no damage. šŸ˜± HP[+3]
You regained 3 hp, and now have 7/124 hp.
You attack the rock wall.
The ironbound preserver hits you with a +0 dire flail.
* * * LOW HITPOINT WARNING * * *
The slime creature hits you but does no damage. šŸ˜± HP[+1]
You hit the ironbound preserver.
Flame seeps out of the ironbound preserver.
The ironbound preserver is poisoned.
You feel less invigorated.
You feel less confused.
The ironbound preserver is engulfed in blazing flames.
Flame seeps out of the ironbound preserver.
The ironbound preserver hits you with a +0 dire flail.
* * * LOW HITPOINT WARNING * * *
The slime creature hits you.
* * * LOW HITPOINT WARNING * * *
šŸ˜± HP[-5]
You take 5 damage, and now have 3/124 hp.
You puncture the ironbound preserver!
Flame seeps out of the ironbound preserver.
The ironbound preserver looks as sick as possible!
Flame seeps out of the ironbound preserver.
The ironbound preserver is engulfed in blazing flames.
Flame seeps out of the ironbound preserver.
The ironbound preserver hits you with a +0 dire flail!
You die...

Skill      XL: |  1  2  3  4  5  6  7  8  9 10 11 12 |
---------------+-------------------------------------+-----
Dodging        | 3 4 5 6 9 10 12 14 15 | 15.7
Spellcasting   | 3 4 5 6 7 8 10 11 | 11.2
Fighting       | 3 |  3.4
Stealth        | |  1.5

Action                     |  1- 3 |  4- 6 |  7- 9 | 10-12 || total
---------------------------+-------+-------+-------+-------++-------
  Melee: Unarmed           |     7 |       |       |       ||     7
         Punch             |     1 |       |     2 |       ||     3
         Dagger            |       |    10 |    34 |    44 ||    88
   Cast: Foxfire           |    37 |       |       |    17 ||    54
         Magic Dart        |    39 |    89 |    16 |     7 ||   151
         Inner Flame       |       |     2 |     8 |    35 ||    45
         Volatile Blastmot |       |     1 |       |    10 ||    11
         Scorch            |       |     4 |    65 |    38 ||   107
         Flame Wave        |       |       |     5 |    96 ||   101
         Vhi's Electric Ch |       |       |     9 |     9 ||    18
         Confusing Touch   |       |       |       |     2 ||     2
         Leda's Liquefacti |       |       |       |     4 ||     4
 Invoke: Curse Item        |       |       |       |     4 ||     4
  Evoke: Wand              |       |       |       |    10 ||    10
    Use: Scroll            |       |    10 |       |    15 ||    25
         Potion            |       |       |       |     9 ||     9
 Armour: Robe              |     7 |     4 |       |       ||    11
         Troll leather arm |       |     2 |    21 |    46 ||    69
         Skin              |       |       |       |     9 ||     9
  Dodge: Dodged            |    11 |    24 |    85 |   217 ||   337

Levels and vault maps discovered:
D:1:      lightli_arrival_farm, layout_loops_ring, minmay_misc_feat_roman,
          wander_ebering_terrifying_dragon_lair
D:2:      layout_basic
D:3:      layout_loops_corners, old_standard_altar
D:4:      layout_basic, kennysheep_little_box, fiery_altar_vehumet,
          portal_sewer_entry_a
D:5:      layout_basic
D:6:      layout_basic, mainiacjoe_overflow_swirl, uniq_sigmund, uniq_menkaure,
          uniq_maggie, uniq_pikel
D:7:      layout_loops_cross, minmay_temple_entry_butterflies
D:8:      layout_basic, grunt_temple_overflow_open,
          grunt_lair_entry_orc_guard_hut, serial_shops, nicolae_shop_peninsula,
          st_stairs_13, uniq_prince_ribbit1, uniq_grum
D:9:      layout_basic, dancing_weapons_uskayaw, serial_shops,
          nicolae_shop_dealshenge
D:10:     layout_irregular_city, orc_0_dummy, enter_bailey_6, dk_noncrumbling_4,
          uniq_urug
D:11:     layout_roguey, serial_shops, nicolae_take_the_stairs,
          nicolae_shop_trees, nicolae_shop_unique_rings, nzn_life_drinkers,
          uniq_maurice
D:12:     layout_loops_cross
D:13:     layout_rooms, skrybe_vaults_entry_preservation,
          gauntlet_entry_generic, david_defended_altar_orc
Temple:   kb_temple_of_zot

Notes
Turn   | Place    | Note
-------+----------+-------------------------------------------
     0 | D:1      | ytrimaz the Djinni Fire Elementalist began the quest for
                  | the Orb.
     0 | D:1      | ytrimaz set off with the following spells memorised:
                  | Foxfire, Scorch, Volatile Blastmotes, Inner Flame, Flame
                  | Wave.
     0 | D:1      | Reached XP level 1. HP: 15/15 MP: 0/0
     0 | D:1      | magus.rc [v1.9.6]
   248 | D:1      | HP: 3/15 [frozen (7)]
   250 | D:1      | Reached XP level 2. HP: 5/21 MP: 0/0
   410 | D:1      | HP: 3/21 [gnoll/+0 club (4)]
   542 | D:1      | Reached skill level 3 in Dodging
   542 | D:1      | Reached XP level 3. HP: 14/25 MP: 0/0
   542 | D:1      | Learned a level 1 spell: Magic Dart
  1233 | D:2      | Reached skill level 3 in Spellcasting
  1432 | D:2      | Reached XP level 4. HP: 26/31 MP: 0/0
  1559 | D:2      | Noticed a scorpion
  1569 | D:2      | Killed a scorpion
  1570 | D:2      | Reached skill level 4 in Dodging
  1570 | D:2      | Reached XP level 5. HP: 19/35 MP: 0/0
  1570 | D:2      | Learned a level 2 spell: Passwall
  3358 | D:4      | Noticed a phantom
  3369 | D:4      | Killed a phantom
  3370 | D:4      | Reached skill level 5 in Dodging
  3370 | D:4      | Reached skill level 4 in Spellcasting
  3370 | D:4      | Reached XP level 6. HP: 26/40 MP: 0/0
  3371 | D:4      | Found a glowing drain.
  3382 | Sewer    | Entered a sewer
  3533 | Sewer    | Noticed Pargi
  3538 | Sewer    | Killed Pargi
  3675 | D:4      | Reached XP level 7. HP: 36/45 MP: 0/0
  3675 | D:4      | Learned a level 3 spell: Confusing Touch
  3800 | D:4      | Reached skill level 6 in Dodging
  3985 | D:4      | Reached skill level 5 in Spellcasting
  4201 | D:4      | Found a snail-covered altar of Cheibriados.
  4462 | D:5      | Entered Level 5 of the Dungeon
  4540 | D:5      | Reached XP level 8. HP: 47/50 MP: 0/0
  4624 | D:5      | Identified the ring of Sloth {rF+ rC+ Dex+6}
  4635 | D:5      | Reached skill level 7 in Dodging
  4716 | D:5      | HP: 11/50 [orc warrior/+0 long sword (11)]
  5485 | D:6      | Noticed Menkaure
  5488 | D:6      | Killed Menkaure
  5489 | D:6      | Reached skill level 8 in Dodging
  5489 | D:6      | Reached skill level 6 in Spellcasting
  5567 | D:6      | Noticed Pikel
  5573 | D:6      | Killed Pikel
  5574 | D:6      | Reached skill level 9 in Dodging
  5574 | D:6      | Reached XP level 9. HP: 46/55 MP: 0/0
  5574 | D:6      | Learned a level 3 spell: Vhi's Electric Charge
  5607 | D:6      | Identified the +0 robe of Paranoia {rPois rC- Str-4 Dex+9}
  5665 | D:6      | Noticed Sigmund
  5669 | D:6      | Killed Sigmund
  5670 | D:6      | Reached skill level 7 in Spellcasting
  5701 | D:6      | Noticed Maggie
  5712 | D:6      | Killed Maggie
  5713 | D:6      | Reached skill level 10 in Dodging
  5882 | D:6      | Found an iron altar of Okawaru.
  5891 | D:6      | Found an ornate altar of the Wu Jian Council.
  6161 | D:7      | Reached XP level 10. HP: 59/60 MP: 0/0
  6436 | D:7      | Found a staircase to the Ecumenical Temple.
  6442 | Temple   | Entered the Ecumenical Temple
  6553 | Temple   | Became a worshipper of Ashenzari the Shackled
  7031 | D:8      | Noticed Prince Ribbit
  7040 | D:8      | Noticed Grum
  7044 | D:8      | Killed Prince Ribbit
  7045 | D:8      | Reached skill level 11 in Dodging
  7045 | D:8      | Reached skill level 8 in Spellcasting
  7075 | D:8      | Killed Grum
  7353 | D:8      | Found a staircase to the Lair.
  7477 | D:8      | Found a bloodstained altar of Trog.
  7477 | D:8      | Found a shadowy altar of Dithmenos.
  7477 | D:8      | Found a shimmering altar of Xom.
  7478 | D:8      | Found a hazy altar of Hepliaklqana.
  7480 | D:8      | Found a basalt altar of Yredelemnul.
  7481 | D:8      | Found a burning altar of Makhleb.
  7560 | D:8      | Found Kyklaguth's General Store.
  7919 | D:8      | Upgraded the game from 0.31-a0-4-gefa6de2278 to
                  | 0.31-a0-7-g51783674b7
  7919 | D:8      | magus.rc [v1.9.6]
  8073 | D:9      | Found a hide-covered altar of Uskayaw.
  8073 | D:9      | Noticed a +0 dagger
  8074 | D:9      | Noticed a +0 hand axe
  8160 | D:9      | Reached skill level 12 in Dodging
  8443 | D:9      | Reached XP level 11. HP: 59/65 MP: 0/0
  8443 | D:9      | Learned a level 4 spell: Leda's Liquefaction
  8497 | D:9      | Found Icemeihi's Antique Weapon Boutique.
  8527 | D:9      | Reached skill level 9 in Spellcasting
  8703 | D:10     | Entered Level 10 of the Dungeon
  8758 | D:10     | Found a staircase to the Orcish Mines.
  8794 | D:10     | Found a flagged portal.
  8805 | Bailey   | Entered a bailey
  8844 | Bailey   | Reached * piety under Ashenzari
  8905 | Bailey   | Reached skill level 13 in Dodging
  8933 | Bailey   | Noticed a vault guard
  8958 | Bailey   | HP: 11/65 [vault guard/+0 broad axe (15)]
  8958 | Bailey   | Noticed a vault guard
  8959 | Bailey   | Killed a vault guard
  8977 | Bailey   | HP: 3/65 [vault guard/+0 broad axe (16)]
  8997 | Bailey   | Killed a vault guard
  9298 | D:10     | Noticed Urug
  9324 | D:10     | Killed Urug
  9325 | D:10     | Reached skill level 10 in Spellcasting
  9710 | D:10     | Reached skill level 14 in Dodging
  9918 | D:11     | Found Xulaeqep's One-of-a-Kind Rings.
  9919 | D:11     | Reached ** piety under Ashenzari
  9934 | D:11     | Found Xiexzen's General Store.
  9970 | D:11     | Found Zeusyr's Weapon Emporium.
 10068 | D:11     | Reached XP level 12. HP: 47/70 MP: 0/0
 10178 | D:11     | Noticed a two-headed ogre
 10188 | D:11     | Killed a two-headed ogre
 10276 | D:11     | Noticed Maurice
 10280 | D:11     | Killed Maurice
 10570 | D:12     | Noticed a two-headed ogre
 10576 | D:12     | Killed a two-headed ogre
 10577 | D:12     | Reached skill level 15 in Dodging
 10577 | D:12     | Reached skill level 11 in Spellcasting
 11003 | D:12     | Identified Mothojisi's Thoughts on Heated Haze
 11104 | D:11     | Bought the ring "Wiuqakk" {rElec rF+ rC+} for 644 gold
                  | pieces
 11106 | D:11     | Reached *** piety under Ashenzari
 11297 | D:12     | Noticed a boulder beetle
 11621 | D:12     | HP: 15/71 [boulder beetle (28)]
 11635 | D:12     | Killed a boulder beetle
 11636 | D:12     | Reached skill level 1 in Fighting
 11677 | D:13     | Found a gate leading to a gauntlet.
 11765 | D:13     | Noticed a boulder beetle
 11832 | D:13     | Noticed an ironbound preserver
 11841 | D:13     | HP: 9/77 [slime creature (15)]
 11842 | Gauntlet | Entered a Gauntlet
 11842 | Gauntlet | Found a transporter.
 11910 | Gauntlet | Found a transporter.
 11914 | Gauntlet | Found a transporter.
 11926 | Gauntlet | Identified the +0 hat of Digir {rElec rPois rF- rN+}
 11927 | Gauntlet | Found a transporter.
 11931 | Gauntlet | Found a runed translucent door.
 11933 | Gauntlet | Found a runed translucent door.
 11935 | Gauntlet | Found a transporter.
 11956 | Gauntlet | Found a transporter.
 11957 | Gauntlet | Noticed a hell beast
 11971 | Gauntlet | Found a transporter.
 11973 | Gauntlet | Found a transporter.
 11985 | Gauntlet | Found a transporter.
 11989 | Gauntlet | Found a transporter.
 11996 | Gauntlet | Found a runed translucent door.
 12012 | Gauntlet | Found a transporter.
 12012 | Gauntlet | Found a transporter.
 12014 | Gauntlet | Found a runed translucent door.
 12038 | Gauntlet | Found a transporter.
 12038 | Gauntlet | Noticed a wretched star
 12040 | Gauntlet | Identified the ring of Light {Fly rC++}
 12057 | Gauntlet | Found a transporter.
 12058 | Gauntlet | Noticed a death scarab
 12184 | Gauntlet | Reached skill level 2 in Fighting
 12243 | Gauntlet | Gained mutation: Potions are less effective at restoring
                  | your health. [a neqoxec]
 12274 | Gauntlet | Killed a hell beast
 12409 | Gauntlet | Noticed a minotaur
 12417 | Gauntlet | Killed a minotaur
 12418 | Gauntlet | Reached skill level 3 in Fighting
 12459 | Gauntlet | Identified the +0 leather armour of the Will of the Gods
                  | {Str+5}
 12505 | D:12     | HP: 4/124 [ironbound preserver/+0 dire flail (24)]
 12510 | D:12     | HP: 4/124 [ironbound preserver/+0 dire flail (13)]
 12516 | D:12     | HP: 4/124 [ironbound preserver/+0 dire flail (15)]
 12520 | D:12     | Slain by an ironbound preserver

Vanquished Creatures
  A minotaur (Gauntlet)
  2 vault guards (Bailey)
  A hell beast (Gauntlet)
  A boulder beetle (D:12)
  2 two-headed ogres
  Urug (D:10)
  Pikel (D:6)
  A cyclops (D:11)
  A manticore (D:11)
  A deep elf pyromancer (D:12)
  Maurice (D:11)
  Maggie (D:6)
  3 kobold demonologists (D:11)
  An ice devil (Gauntlet)
  A komodo dragon (D:10)
  3 trolls (D:12)
  Prince Ribbit (D:8)
  A blink frog (Bailey)
  3 slime creatures (D:12)
  Sigmund (D:6)
  A shadow (D:9)
  9 yaks
  2 vampires
  2 wraiths
  5 humans (Bailey)
  2 wyverns
  A neqoxec (Gauntlet)
  Grum (D:8)
  Menkaure (D:6)
  A chaos spawn (Gauntlet)
  An acid dragon (D:9)
  3 water moccasins
  7 orc warriors
  Pargi (Sewer)
  A sky beast (D:8)
  4 black bears
  An ice beast (D:5)
  4 wolves (D:8)
  An ogre (D:6)
  4 centaurs
  3 lemures (D:6)
  3 phantoms
  15 bullfrogs
  2 scorpions
  9 killer bees
  2 howler monkeys
  A gnoll bouda (D:6)
  6 orc priests
  4 hounds
  A sleepcap (D:6)
  2 jellies
  2 iguanas
  10 orc wizards
  6 gnolls
  7 adders
  6 white imps
  An ufetubus (D:6)
  A dart slug (D:5)
  30 orcs
  2 bats
  8 endoplasms
  4 giant cockroaches
  9 goblins
  10 hobgoblins
  8 kobolds
  5 quokkas
  10 ball pythons
  6 frilled lizards
  8 rats
261 creatures vanquished.

Vanquished Creatures (others)
  An orc wizard (D:13)
  72 foxfires
  8 fungi (D:8)
  17 plants (D:8)
98 creatures vanquished.

Grand Total: 359 creatures vanquished

Table legend:
 A = Non-vault XP
 B = Vault XP
 C = Vault XP percentage of total XP
 D = Non-vault monster count
 E = Vault monster count
 F = Vault count percentage of total count
                 A         B        C        D         E       F
            +---------+---------+-------+---------+---------+-------
      Total |   15783 |   11067 |  41.2 |     194 |      64 |  24.8
            +---------+---------+-------+---------+---------+-------
        D:1 |      40 |       1 |   2.4 |      15 |       1 |   6.2
        D:2 |     153 |       0 |   0.0 |      24 |       0 |   0.0
        D:3 |      32 |       0 |   0.0 |      12 |       0 |   0.0
        D:4 |     600 |       1 |   0.2 |      30 |       1 |   3.2
        D:5 |     586 |       0 |   0.0 |      10 |       0 |   0.0
        D:6 |     895 |    1433 |  61.6 |      18 |       4 |  18.2
        D:7 |     456 |       0 |   0.0 |       7 |       0 |   0.0
        D:8 |     811 |    1499 |  64.9 |      12 |      12 |  50.0
        D:9 |    1602 |       0 |   0.0 |      23 |       0 |   0.0
       D:10 |    2101 |     787 |  27.3 |      20 |       1 |   4.8
       D:11 |    4012 |     638 |  13.7 |      12 |       2 |  14.3
       D:12 |    4275 |       0 |   0.0 |      10 |       0 |   0.0
       D:13 |     220 |       0 |   0.0 |       1 |       0 |   0.0
      Sewer |       0 |     147 | 100.0 |       0 |       8 | 100.0
     Bailey |       0 |    3963 | 100.0 |       0 |      26 | 100.0
   Gauntlet |       0 |    2598 | 100.0 |       0 |       9 | 100.0
            +---------+---------+-------+---------+---------+-------

Skill      XL: |  1  2  3  4  5  6  7  8  9 10 11 12 |
---------------+-------------------------------------+-----
Dodging        | 3 4 5 6 9 10 12 14 15 | 15.7
Spellcasting   | 3 4 5 6 7 8 10 11 | 11.2
Fighting       | 3 |  3.4
Stealth        | |  1.5

Action                     |  1- 3 |  4- 6 |  7- 9 | 10-12 || total
---------------------------+-------+-------+-------+-------++-------
  Melee: Unarmed           |     7 |       |       |       ||     7
         Punch             |     1 |       |     2 |       ||     3
         Dagger            |       |    10 |    34 |    44 ||    88
   Cast: Foxfire           |    37 |       |       |    17 ||    54
         Magic Dart        |    39 |    89 |    16 |     7 ||   151
         Inner Flame       |       |     2 |     8 |    35 ||    45
         Volatile Blastmot |       |     1 |       |    10 ||    11
         Scorch            |       |     4 |    65 |    38 ||   107
         Flame Wave        |       |       |     5 |    96 ||   101
         Vhi's Electric Ch |       |       |     9 |     9 ||    18
         Confusing Touch   |       |       |       |     2 ||     2
         Leda's Liquefacti |       |       |       |     4 ||     4
 Invoke: Curse Item        |       |       |       |     4 ||     4
  Evoke: Wand              |       |       |       |    10 ||    10
    Use: Scroll            |       |    10 |       |    15 ||    25
         Potion            |       |       |       |     9 ||     9
 Armour: Robe              |     7 |     4 |       |       ||    11
         Troll leather arm |       |     2 |    21 |    46 ||    69
         Skin              |       |       |       |     9 ||     9
  Dodge: Dodged            |    11 |    24 |    85 |   217 ||   337

Illustrated notes

Table legend:
 A = Kills in this place as a percentage of kills in the entire game.
 B = Kills by you in this place as a percentage of kills by you in the entire game.
 C = Kills by friends in this place as a percentage of kills by friends in the entire game.
 D = Other kills in this place as a percentage of other kills in the entire game.
 E = Experience gained in this place as a percentage of experience gained in the entire game.
 F = Experience gained in this place divided by the number of levels of this place that you have seen.
                   A       B       C       D       E      F
               +-------+-------+-------+-------+-------+----------------------
         Total | 100.0 | 100.0 |   N/A |   N/A | 100.0 | 1579.4
       Dungeon |  83.3 |  83.3 |   N/A |   N/A |  75.0 | 1549.4
         Sewer |   3.1 |   3.1 |   N/A |   N/A |   0.5 | 147.0
        Bailey |  10.1 |  10.1 |   N/A |   N/A |  14.8 | 3963.0
      Gauntlet |   3.5 |   3.5 |   N/A |   N/A |   9.7 | 2598.0
               +-------+-------+-------+-------+-------+----------------------

Table legend: (Time is in decaauts)
 A = Elapsed time spent in this place.
 B = Non-inter-level travel time spent in this place.
 C = Inter-level travel time spent in this place.
 D = Time resting spent in this place.
 E = Time spent auto-exploring this place.
 F = Levels seen in this place.
 G = Mean time per level.
                   A        B        C        D        E       F      G
               +--------+--------+--------+--------+--------+-----+--------+
         Total |  12527 |  11788 |    739 |    188 |   9483 |  17 |  736.9 |
       Dungeon |  11117 |  10422 |    695 |     42 |   8701 |  13 |  855.2 |
        Temple |    141 |     97 |     44 |      0 |     90 |   1 |  141.0 |
         Sewer |    280 |    280 |      0 |      0 |    217 |   1 |  280.0 |
        Bailey |    334 |    334 |      0 |      0 |    176 |   1 |  334.0 |
      Gauntlet |    653 |    653 |      0 |    146 |    299 |   1 |  653.0 |
               +--------+--------+--------+--------+--------+-----+--------+

Top non-repeatable levels by time:
     D:1: 1227 daAuts
    D:12: 1097 daAuts
     D:2: 1093 daAuts
     D:8: 1022 daAuts
     D:4: 980 daAuts
     D:3: 901 daAuts
     D:5: 880 daAuts
    D:11: 835 daAuts
     D:6: 791 daAuts
    D:10: 770 daAuts
     D:9: 740 daAuts
Gauntlet: 653 daAuts
     D:7: 647 daAuts
  Bailey: 334 daAuts
   Sewer: 280 daAuts
